AoeStats
← 神圣罗马帝国 | Holy Roman

African Clearing

510962755Analyzed
4v4 RM · 9h ago on Oct 3, 2026· 47m 30s· 8 players
Game mode
Random Map
Map size
Large (8 player)
Population
200
Speed
Normal
Resources
Standard
Victory
Conquest
Starting age
Dark Age
Ending age
Imperial Age
RankedLock teamsTeams togetherTeam positionsShared explorationLock speedFull tech treeHidden civsTurbo modeCheats
Victory
Defeat
🇻🇳 Saxons · Vietnam
1307
+14
1306
+14
🇩🇪 Koreans · Germany
1235
+17
🇨🇳 Huns · China
1181
+19
1276
-17
🇨🇳 Georgians · China
1274
-17
🇮🇳 Vikings · India
1256
-16
🇨🇳 Mongols · China
1213
-14
大牛魔
13:06 Loom
14:51 Feudal Age
19:08 Castle Age
22:28 Fletching
32:52 Wheelbarrow
32:11 Double-Bit Axe
38:57 Horse Collar
44:15 Bloodlines
44:48 Scale Barding Armor
snek_fan
6:17 Loom
13:09 Feudal Age
18:06 Castle Age
16:18 Double-Bit Axe
18:14 Fletching
28:32 Scale Barding Armor
31:04 Chain Barding Armor
31:04 Bow Saw
31:32 Forging
37:34 Horse Collar
37:47 Stone Mining
39:16 Iron Casting
40:59 Scale Mail Armor
41:04 Squires
44:06 Imperial Age
45:28 Town Watch
iran away from the epstein files
13:34 Feudal Age
14:27 Double-Bit Axe
15:29 Horse Collar
15:50 Loom
17:39 Man-at-Arms
20:33 Scale Mail Armor
24:08 Wheelbarrow
30:05 Castle Age
29:15 Gold Mining
30:45 Forging
31:10 Hand Cart
31:04 Fletching
31:26 Long Swordsman
33:24 Bodkin Arrow
35:24 Capped Ram
38:01 Bloodlines
37:12 Light Cavalry
38:55 Scale Barding Armor
40:02 Ballistics
39:54 Masonry
40:15 Heavy Plow
40:26 Bow Saw
41:18 Chain Barding Armor
45:08 Imperial Age
44:06 Iron Casting
46:21 Cavalier
48:03 Blast Furnace
48:08 Plate Barding Armor
系色望
7:01 Loom
14:03 Feudal Age
18:43 Castle Age
33:23 Horse Collar
34:43 Double-Bit Axe
36:10 Gold Mining
36:10 Stone Mining
36:32 Bow Saw
36:37 Heavy Plow
37:56 Wheelbarrow
38:50 Light Cavalry
39:48 Forging
39:43 Scale Barding Armor
39:41 Husbandry
39:55 Bloodlines
43:18 Imperial Age
44:25 Chain Barding Armor
44:40 Iron Casting
44:21 Squires
神圣罗马帝国 | Holy Roman
8:21 Loom
13:05 Feudal Age
13:49 Double-Bit Axe
17:50 Scale Mail Armor
17:21 Man-at-Arms
19:09 Forging
19:55 Arson
23:42 Wheelbarrow
26:35 Stone Mining
27:11 Gold Mining
27:45 Fletching
34:40 Castle Age
34:46 Castle Age
35:48 Bow Saw
35:53 Pikeman
44:25 Horse Collar
47:38 Hand Cart
Valodimer
3:48 Loom
12:19 Feudal Age
14:52 Fletching
14:56 Gold Mining
21:16 Castle Age
21:01 Stone Mining
21:25 Padded Archer Armor
21:12 Double-Bit Axe
21:19 Crossbowman
21:57 Bodkin Arrow
30:53 Wheelbarrow
30:06 Town Watch
31:03 Ballistics
33:23 Squires
36:27 Murder Holes
36:23 Guard Tower
37:26 Masonry
37:57 Hand Cart
37:42 Town Patrol
38:43 Scale Mail Armor
38:53 Forging
39:41 Chain Mail Armor
40:09 Horse Collar
40:40 Bow Saw
41:39 Iron Casting
46:23 Imperial Age
44:53 Heavy Plow
45:29 Gold Shaft Mining
44:54 Treadmill Crane
47:09 Bracer
46:31 Shield Wall
47:33 Conscription
46:34 Elite Hearth Troop
48:10 Plate Mail Armor
48:45 Chemistry
DF.FISH
7:50 Loom
13:22 Feudal Age
17:13 Castle Age
17:39 Double-Bit Axe
19:27 Horse Collar
22:18 Fletching
25:58 Wheelbarrow
25:37 Forging
28:30 Gold Mining
29:47 Bow Saw
30:15 Scale Barding Armor
33:18 Hand Cart
32:48 Town Watch
33:16 Pikeman
38:50 Imperial Age
36:58 Iron Casting
36:43 Chain Barding Armor
37:00 Heavy Plow
36:55 Stone Mining
39:41 Gold Shaft Mining
40:33 Blast Furnace
39:39 Elite Tarkan
41:33 Plate Barding Armor
42:31 Bloodlines
42:21 Husbandry
44:32 Conscription
47:31 Town Patrol
AkNeyls
3:38 Loom
15:04 Feudal Age
16:53 Town Watch
17:09 Fletching
18:54 Double-Bit Axe
20:14 Fishing Lines
22:57 Castle Age
22:58 Crossbowman
23:36 Bodkin Arrow
24:23 Bow Saw
26:50 Gold Mining
29:13 Gillnets
31:32 Horse Collar
33:45 Stone Mining
35:26 Heavy Plow
36:45 Thumb Ring
36:54 Thumb Ring
37:19 Ballistics
36:41 Treadmill Crane
40:27 Imperial Age
38:39 Wheelbarrow
38:05 Town Patrol
38:58 Eupseong
39:04 Eupseong
39:27 Masonry
39:13 Murder Holes
40:53 Hand Cart
41:37 Conscription
40:49 Arbalester
41:40 Bracer
41:51 Forging
41:06 Heavy Rocket Cart
43:07 Two-Man Saw
43:00 Gold Shaft Mining
43:01 Stone Shaft Mining
43:26 Shinkichon
44:41 Chemistry
44:15 Architecture
45:03 Siege Engineers
Connection lost

Rejoining the realm…

Still unreachable

The connection could not be restored.

Session expired

The server has moved on; the page needs a fresh start.